 Dungeon Crawl Stone Soup version 0.26-a0-658-gbdda728c12 (webtiles) character file.

Game seed: 8280590030070325726

70 looop the Skirmisher (level 4, 37/37 HPs)
             Began as a Demonspawn Fighter on Oct 4, 2020.
             Quit the game on level 2 of the Dungeon.
             The game lasted 00:01:36 (1427 turns).

looop the Skirmisher (Demonspawn Fighter)           Turns: 1427, Time: 00:01:36

Health: 37/37      AC:  7    Str: 18    XL:     4   Next: 4%
Magic:  4/4        EV:  7    Int:  9    God:
Gold:   94         SH:  8    Dex: 12    Spells: 3/3 levels left

rFire    . . .     SeeInvis .   a - +0 trident
rCold    . . .     Faith    .   c - +0 kite shield
rNeg     . . .     Spirit   .   l - +1 scale mail {rPois}
rPois    +         Reflect  .   n - +0 hat
rElec    .         Harm     .   (no cloak)
rCorr    .         Rampage  .   (no gloves)
MR       .....                  (no boots)
Stlth    ..........             (no amulet)
HPRegen  0.12/turn              (no ring)
MPRegen  0.09/turn              (no ring)

@: no status effects
A: claws 1, powered by pain 1
a: no special abilities


You were on level 2 of the Dungeon.
You visited 1 branch of the dungeon, and saw 2 of its levels.

You collected 94 gold pieces.

Inventory:

Hand Weapons
 a - a +0 trident (weapon)
Armour
 c - a +0 kite shield (worn)
 l - a +1 scale mail of poison resistance (worn)
 n - a +0 hat (worn)
Jewellery
 o - an uncursed ring of fire {unknown}
Scrolls
 e - 2 scrolls of fear {unknown}
 h - 2 scrolls of identify {unknown}
 i - a scroll of random uselessness {unknown}
 j - 2 scrolls of enchant armour {unknown}
 k - a scroll of immolation {unknown}
 p - a scroll of teleportation {unknown}
Potions
 b - a potion of brilliance {unknown}
 d - a potion of might
 f - a potion of degeneration {unknown}
 g - a potion of flight {unknown}
 m - a potion of lignification {unknown}


   Skills:
 + Level 3.7 Fighting
 * Level 3.4 Polearms
 - Level 2.6 Armour
 - Level 2.6 Shields


You had 3 spell levels left.
You didn't know any spells.
Your spell library was empty.

Dungeon Overview and Level Annotations

Branches:
Dungeon (2/15)

Altars:
Elyvilon
Sif Muna


Innate Abilities, Weirdness & Mutations

You have sharp fingernails.
You sometimes gain a little power by taking damage.


Message History

The worm is heavily wounded.
You barely miss the worm.
The worm is heavily wounded.
You block the worm's attack.
You hit the worm.
The worm is heavily wounded.
You hit the worm.
The worm is severely wounded.
The worm bites you but does no damage.
You hit the worm.
The worm is almost dead.
The worm barely misses you.
A worm is nearby!
A worm is nearby!
You puncture the worm!
You kill the worm!
You have reached level 4!
You feel stronger.
Your demonic ancestry asserts itself...
Your fingernails lengthen.
Are you sure you want to abandon this character and quit the game? (Confirm with "yes".)

### #.. ####.#
#....###### #########
#.#.(.....#
........#####...@#
.........†.......####.#
#######.####....).....#
######.#.###.##..####.#
....#.###.##.##..####
###..# ##...†......#.#
# #<#.###.#...#........
# #. #....#...###.#.. #
# #.###...### .# #


There were no monsters in sight!

Vanquished Creatures
  2 adders (D:2)
  2 worms (D:2)
  2 dart slugs (D:2)
  8 bats
  5 giant cockroaches (D:1)
  3 goblins
  4 hobgoblins
  8 kobolds
  2 frilled lizards
  6 rats
42 creatures vanquished.

Notes
Turn   | Place    | Note
-------+----------+-------------------------------------------
     0 | D:1      | looop the Demonspawn Fighter began the quest for the Orb.
     0 | D:1      | Reached XP level 1. HP: 18/18 MP: 1/1
    79 | D:1      | Gained mutation: You sometimes gain a little power by
                  | taking damage. [demonic ancestry]
    79 | D:1      | Reached XP level 2. HP: 24/24 MP: 2/2
   865 | D:2      | Reached XP level 3. HP: 23/29 MP: 3/3
  1038 | D:2      | Found a white marble altar of Elyvilon.
  1038 | D:2      | Found a shimmering blue altar of Sif Muna.
  1426 | D:2      | Gained mutation: You have sharp fingernails. [demonic
                  | ancestry]
  1426 | D:2      | Reached XP level 4. HP: 37/37 MP: 4/4
  1427 | D:2      | Quit the game

Illustrated notes

Levels and vault maps discovered:
D:1:      matt_arrival_grand_opening, layout_loops_ring
D:2:      minmay_chambers_of_ones, layout_loops_ring,
          gammafunk_temple_overflow_elements, grunt_gozag_statues

Skill      XL: |  1  2  3 |
---------------+----------+-----
Polearms       | 2 3 |  3.4
Fighting       | |  3.7
Armour         | |  2.6
Shields        | |  2.6

Action                   |  1- 3 |  4- 6 || total
-------------------------+-------+-------++-------
Melee: Trident           |   136 |       ||   136
Armor: Scale mail        |    58 |       ||    58
Dodge: Dodged            |    27 |       ||    27
Block: Kite shield       |    43 |       ||    43

Table legend: (Time is in decaauts)
 A = Elapsed time spent in this place.
 B = Non-inter-level travel time spent in this place.
 C = Inter-level travel time spent in this place.
 D = Time resting spent in this place.
 E = Time spent auto-exploring this place.
 F = Levels seen in this place.
 G = Mean time per level.
                   A        B        C        D        E       F      G
               +--------+--------+--------+--------+--------+-----+--------+
         Total |   1461 |   1457 |      4 |      0 |   1146 |   2 |  730.5 |
       Dungeon |   1461 |   1457 |      4 |      0 |   1146 |   2 |  730.5 |
               +--------+--------+--------+--------+--------+-----+--------+

Top non-repeatable levels by time:
     D:1: 838 daAuts
     D:2: 623 daAuts
